Predators vs Sabres
(R1)
Created - 6 mars 2017 at 19:21
Goals
|
| Predators |
1 |
0 |
2 |
3 |
| Sabres |
0 |
1 |
1 |
2 |
|
Shots
|
| Predators |
15 |
9 |
10 |
34 |
| Sabres |
12 |
13 |
8 |
33 |
|
1st period
1. Predators , Niclas Bergfors 24 (Ryan Kesler) at 13:59 (PP)
Penalties :
Matt Martin (Buf) for Tripping (Minor) at 13:57, Mike Leclerc (Buf) for Holding (Minor) at 15:02
2nd period
2. Sabres , J.T. Miller 11 (Jared Cowen, Michael Kostka) at 12:33
Penalties :
Alexander Edler (Nas) for Holding (Minor) at 3:53, Byron Bitz (Nas) for Roughing (Minor) at 9:33, Michael Haley (Buf) for Interference (Minor) at 13:18, Evander Kane (Buf) for Hooking (Minor) at 13:50, Frans Nielsen (Nas) for Roughing (Minor) at 17:08
3rd period
3. Sabres , J.T. Miller 12 (Michael Kostka, Zach Bogosian) at 0:57 (PP)
4. Predators , Frans Nielsen 19 (Alexander Ovechkin) at 3:46
5. Predators , Byron Bitz 18 (Ryan Kesler) at 18:52
Penalties :
Byron Bitz (Nas) for Hooking (Minor) at 0:40, Jaromir Jagr (Buf) for Goalie Interference (Minor) at 6:04, Evander Kane (Buf) for Hooking (Minor) at 11:53, Zack Kassian (Buf) for High sticking (Minor) at 14:13, Brett Clark (Nas) for Tripping (Minor) at 19:19, Michael Kostka (Buf) for Tripping (Minor) at 19:36
Goalie Stats
Viktor Fasth (Nas), 31 saves from 33 shots - (0,939), W, 18-7-1, 60:00 minutes
Robin Lehner (Buf), 31 saves from 34 shots - (0,912), L, 25-21-2, 59:35 minutes
Players Stats for Predators
Player Name G A P +/- PIM S H SB GA TA FO MP PP MP PK MP
------------------------------------------------------------------------------------
Adam Burish 0 0 0 0 0 5 0 0 0 0 0/0 14:17 0:00 3:33
Alexander Edler 0 0 0 0 2 0 2 1 1 0 0/0 23:04 3:37 2:40
Alexander Ovechkin 0 1 1 0 0 4 0 1 3 2 1/3 21:20 5:28 1:54
Alexander Steen 0 0 0 1 0 2 1 0 0 0 1/1 15:19 5:01 0:12
Andy Miele 0 0 0 0 0 0 1 0 0 0 6/9 11:13 0:00 1:09
Barret Jackman 0 0 0 1 0 0 2 1 0 0 0/0 10:50 0:00 0:11
Brett Clark 0 0 0 1 2 0 0 1 0 1 0/0 13:28 0:00 2:28
Byron Bitz 1 0 1 1 4 4 2 0 1 0 0/0 16:52 5:01 1:03
Christian Ehrhoff 0 0 0 0 0 2 3 2 0 0 0/0 18:36 3:37 0:47
David Jones 0 0 0 0 0 1 1 1 0 0 3/7 8:12 0:00 0:00
Frans Nielsen 1 0 1 0 2 3 0 2 0 2 18/30 20:21 5:01 1:36
James Van Riemsdyk 0 0 0 0 0 1 1 0 0 0 1/1 10:04 0:00 0:00
John Moore 0 0 0 0 0 1 2 0 0 0 0/0 24:49 6:52 2:53
Niclas Bergfors 1 0 1 0 0 4 3 1 2 0 3/4 18:59 5:28 0:00
Ryan Kesler 0 2 2 1 0 2 1 0 1 0 8/15 19:57 5:28 3:35
Ryan Mcdonagh 0 0 0 0 0 2 2 6 0 2 0/0 29:16 6:52 4:03
Shane Doan 0 0 0 0 0 1 2 1 0 0 0/0 8:12 0:00 0:00
Steve Begin 0 0 0 0 0 2 2 3 0 0 0/0 8:12 0:00 0:00
Players Stats for Sabres
Player Name G A P +/- PIM S H SB GA TA FO MP PP MP PK MP
------------------------------------------------------------------------------------
Brandon Sutter 0 0 0 0 0 1 1 0 1 0 6/16 14:40 2:43 0:54
Erik Christensen 0 0 0 -1 0 2 1 0 0 0 3/9 9:18 0:01 0:00
Evander Kane 0 0 0 0 4 4 2 0 2 0 1/3 20:09 3:47 3:12
J.T. Miller 2 0 2 0 0 2 1 2 0 0 15/25 20:45 3:47 4:32
Jared Cowen 0 1 1 1 0 4 0 1 1 3 0/0 20:47 0:00 6:46
Jaromir Jagr 0 0 0 0 2 4 0 1 1 1 0/3 14:00 0:01 3:14
Jordan Leopold 0 0 0 -1 0 2 2 0 0 0 0/0 19:04 2:26 3:43
Kyle Okposo 0 0 0 0 0 3 0 1 0 1 0/0 16:21 3:47 0:00
Matt Martin 0 0 0 0 2 1 0 1 0 0 0/0 13:04 2:43 0:00
Michael Haley 0 0 0 -1 2 0 1 0 0 0 0/0 8:29 0:00 0:05
Michael Kostka 0 2 2 1 2 0 2 3 0 0 0/0 17:37 4:04 0:00
Mike Leclerc 0 0 0 -1 2 1 0 0 0 0 0/0 12:27 0:00 3:21
Patrik Elias 0 0 0 0 0 2 0 1 1 0 0/0 11:13 0:00 0:55
Randy Jones 0 0 0 -1 0 1 1 0 0 1 0/0 18:30 2:26 3:43
Rob Scuderi 0 0 0 -1 0 1 2 1 1 1 0/0 23:18 0:00 6:46
Ryan O'Reilly 0 0 0 0 0 0 0 0 0 0 4/13 10:17 0:01 0:00
Zach Bogosian 0 1 1 -1 0 3 2 1 0 1 0/0 20:43 4:05 0:00
Zack Kassian 0 0 0 0 2 2 2 0 0 0 0/1 16:51 2:43 3:17
3 Stars
1 - J.T. Miller (Buf)
2 - Niclas Bergfors (Nas)
3 - Ryan Kesler (Nas)
Power Play
Predators - 1 on 8 Attempt(s) - 12,50%
Sabres - 1 on 5 Attempt(s) - 20,00%
Penalty Kill
Predators - 4 on 5 Attempt(s) - 80,00%
- Score 0 goal in Penalty Kill
Sabres - 7 on 8 Attempt(s) - 87,50%
- Score 0 goal in Penalty Kill
Team Stat
Predators - Hits : 25 - Faceoff Wins : 41 - Blocked Shots : 20 - Penalty Minutes : 10
Sabres - Hits : 17 - Faceoff Wins : 29 - Blocked Shots : 12 - Penalty Minutes : 16
Official
Referees : Auger Stephane and StPierre Justin
Linesman : Mark Pare and Ryan Galloway
Game Notes
No Game Note
Finance
Level 1 -- Attendance: 5289 (88,15%) -- Ticket Income 449 565 $
Level 2 -- Attendance: 4707 (94,14%) -- Ticket Income 235 350 $
Level 3 -- Attendance: 1962 (98,10%) -- Ticket Income 58 860 $
Level 4 -- Attendance: 4000 (100,00%) -- Ticket Income 80 000 $
Luxury Box -- Attendance: 1000 (100,00%) -- Ticket Income 160 000 $
Game was played at the Duff Garden.
Total Attendance: 16958 (94,21%)
Total Ticket Income: 983 775 $
Other Income: 147 566 $
Total Income: 1 131 341 $
Predators
5 vs 5 Forward
Center Left Wing Right Wing Time % Phy DF OF
1 Frans Nielsen Alexander Ovechkin Niclas Bergfors 39 1 1 3
2 Ryan Kesler Alexander Steen Byron Bitz 31 1 2 2
3 Andy Miele James Van Riemsdyk Adam Burish 22 2 1 2
4 David Jones Steve Begin Shane Doan 8 1 2 2
5 vs 5 Defense
Defense Defense Time % Phy DF OF
1 Alexander Edler Ryan Mcdonagh 40 1 2 2
2 Christian Ehrhoff John Moore 30 1 2 2
3 Barret Jackman Brett Clark 20 1 2 2
4 Ryan Mcdonagh John Moore 10 1 2 2
PowerPlay Forward
Center Left Wing Right Wing Time % Phy DF OF
1 Ryan Kesler Alexander Ovechkin Niclas Bergfors 60 1 0 4
2 Frans Nielsen Alexander Steen Byron Bitz 40 1 0 4
PowerPlay Defense
Defense Defense Time % Phy DF OF
1 Ryan Mcdonagh John Moore 60 1 1 3
2 Christian Ehrhoff Alexander Edler 40 0 1 4
Penalty Kill 4 Players Forward
Center Wing Time % Phy DF OF
1 Ryan Kesler Adam Burish 60 1 2 2
2 Frans Nielsen Byron Bitz 40 1 2 2
Penalty Kill 4 Players Defense
Defense Defense Time % Phy DF OF
1 Alexander Edler Ryan Mcdonagh 60 1 1 3
2 Brett Clark John Moore 40 1 1 3
Penalty Kill - 3 Players Forward
Forward Time % Phy DF OF
1 Adam Burish 60 2 3 0
2 Byron Bitz 40 1 3 1
Penalty Kill - 3 Players Defense
Defense Defense Time % Phy DF OF
1 Alexander Edler Ryan Mcdonagh 60 1 1 3
2 Brett Clark John Moore 40 1 1 3
4 vs 4 Forward
Center Wing Time % Phy DF OF
1 Alexander Ovechkin Niclas Bergfors 60 1 2 2
2 Ryan Kesler Adam Burish 40 1 2 2
4 vs 4 Defense
Defense Defense Time % Phy DF OF
1 Alexander Edler Ryan Mcdonagh 60 1 2 2
2 Barret Jackman John Moore 40 1 2 2
Last Minutes Offensive
Center Left Wing Right Wing Defense Defense
Ryan Kesler Alexander Ovechkin Byron Bitz Alexander Edler Ryan Mcdonagh
Last Minutes Defensive
Center Left Wing Right Wing Defense Defense
Frans Nielsen Alexander Ovechkin Byron Bitz Ryan Mcdonagh Brett Clark
Goaltenders
Starting : Viktor Fasth
Backup : Maxime Daigneault
Extra Forwards
Normal : Adam Burish, James Van Riemsdyk, Shane Doan - PP : Adam Burish, James Van Riemsdyk - PK : Adam Burish
Extra Defensemen
Normal : Barret Jackman, Alexander Edler, John Moore - PP : Christian Ehrhoff - PK : John Moore, Christian Ehrhoff
Penalty Shots
Alexander Ovechkin, Niclas Bergfors, Ryan Kesler, Andy Miele, Alexander Steen
Sabres
5 vs 5 Forward
Center Left Wing Right Wing Time % Phy DF OF
1 J.T. Miller Evander Kane Kyle Okposo 34 1 2 2
2 Brandon Sutter Matt Martin Zack Kassian 30 1 2 2
3 Ryan O'Reilly Patrik Elias Jaromir Jagr 20 1 2 2
4 Erik Christensen Michael Haley Mike Leclerc 16 1 3 1
5 vs 5 Defense
Defense Defense Time % Phy DF OF
1 Rob Scuderi Zach Bogosian 40 1 3 1
2 Jordan Leopold Randy Jones 30 1 3 1
3 Michael Kostka Jared Cowen 30 1 3 1
4 Jordan Leopold Randy Jones 0 1 3 1
PowerPlay Forward
Center Left Wing Right Wing Time % Phy DF OF
1 J.T. Miller Evander Kane Kyle Okposo 60 1 1 3
2 Brandon Sutter Matt Martin Zack Kassian 40 1 1 3
PowerPlay Defense
Defense Defense Time % Phy DF OF
1 Michael Kostka Zach Bogosian 65 1 2 2
2 Jordan Leopold Randy Jones 35 1 3 1
Penalty Kill 4 Players Forward
Center Wing Time % Phy DF OF
1 Jaromir Jagr Mike Leclerc 50 1 4 0
2 Evander Kane Zack Kassian 50 1 3 1
Penalty Kill 4 Players Defense
Defense Defense Time % Phy DF OF
1 Rob Scuderi Jared Cowen 65 1 4 0
2 Jordan Leopold Randy Jones 35 1 4 0
Penalty Kill - 3 Players Forward
Forward Time % Phy DF OF
1 Jaromir Jagr 60 0 5 0
2 Mike Leclerc 40 0 5 0
Penalty Kill - 3 Players Defense
Defense Defense Time % Phy DF OF
1 Rob Scuderi Jared Cowen 65 1 4 0
2 Jordan Leopold Randy Jones 35 1 4 0
4 vs 4 Forward
Center Wing Time % Phy DF OF
1 Erik Christensen Mike Leclerc 60 1 2 2
2 Evander Kane Zack Kassian 40 1 2 2
4 vs 4 Defense
Defense Defense Time % Phy DF OF
1 Rob Scuderi Zach Bogosian 50 1 2 2
2 Jordan Leopold Randy Jones 50 1 3 1
Last Minutes Offensive
Center Left Wing Right Wing Defense Defense
Erik Christensen Evander Kane Kyle Okposo Jordan Leopold Zach Bogosian
Last Minutes Defensive
Center Left Wing Right Wing Defense Defense
Brandon Sutter Mike Leclerc Jaromir Jagr Rob Scuderi Jared Cowen
Goaltenders
Starting : Robin Lehner
Backup : Jonas Hiller
Extra Forwards
Normal : Ryan O'Reilly, J.T. Miller, Evander Kane - PP : Jaromir Jagr, Erik Christensen - PK : J.T. Miller
Extra Defensemen
Normal : Jordan Leopold, Randy Jones, Zach Bogosian - PP : Jared Cowen - PK : Michael Kostka, Zach Bogosian
Penalty Shots
Evander Kane, Jaromir Jagr, Mike Leclerc, Erik Christensen, Zack Kassian
% Time on Ice - Predators
Lines # - Real PCT - Wanted PCT - Time Play
Normal Forward
1 - 33% - 39% - 13:48
2 - 24% - 31% - 10:06
3 - 24% - 22% - 10:04
4 - 19% - 8% - 8:12
Normal Defense
1 - 40% - 40% - 16:46
2 - 34% - 30% - 14:12
3 - 24% - 20% - 9:59
4 - 3% - 10% - 1:13
PP Forward
1 - 52% - 60% - 5:28
2 - 48% - 40% - 5:01
PP Defense
1 - 66% - 60% - 6:52
2 - 34% - 40% - 3:37
PK Forward
1 - 77% - 60% - 5:00
2 - 23% - 40% - 1:31
PK Defense
1 - 65% - 60% - 4:14
2 - 35% - 40% - 2:17
PK3 Forward
1 - 0% - 60%
2 - 0% - 40%
PK3 Defense
1 - 0% - 60%
2 - 0% - 40%
44 Forward
1 - 100% - 60% - 0:23
2 - 0% - 40% - 0:00
44 Defense
1 - 100% - 60% - 0:23
2 - 0% - 40% - 0:00
Last Minute Offensive - 0:00
Last Minute Defensive - 0:27
Total
Forward - 60:00
Defense - 60:00
|
% Time on Ice - Sabres
Lines # - Real PCT - Wanted PCT - Time Play
Normal Forward
1 - 30% - 34% - 12:39
2 - 26% - 30% - 10:52
3 - 24% - 20% - 10:14
4 - 20% - 16% - 8:25
Normal Defense
1 - 40% - 40% - 16:47
2 - 29% - 30% - 12:06
3 - 31% - 30% - 13:02
4 - 1% - 0% - 0:15
PP Forward
1 - 58% - 60% - 3:48
2 - 42% - 40% - 2:43
PP Defense
1 - 63% - 65% - 4:05
2 - 37% - 35% - 2:26
PK Forward
1 - 44% - 50% - 4:01
2 - 56% - 50% - 5:01
PK Defense
1 - 67% - 65% - 6:03
2 - 33% - 35% - 2:59
PK3 Forward
1 - 83% - 60% - 1:12
2 - 17% - 40% - 0:15
PK3 Defense
1 - 49% - 65% - 0:43
2 - 51% - 35% - 0:44
44 Forward
1 - 100% - 60% - 0:23
2 - 0% - 40% - 0:00
44 Defense
1 - 100% - 50% - 0:23
2 - 0% - 50% - 0:00
Last Minute Offensive - 0:27
Last Minute Defensive - 0:00
Total
Forward - 60:00
Defense - 60:00
|
Play by Play
1st period
0:01 of 1st period - Frans Nielsen wins face-off versus J.T. Miller in neutral zone.
0:34 of 1st period - Icing by Ryan Mcdonagh.
0:35 of 1st period - Ryan Kesler wins face-off versus Erik Christensen in Predators zone.
0:56 of 1st period - Snap shot by Byron Bitz.
0:56 of 1st period - Shot Misses the Net.
0:58 of 1st period - Wrist shot by Alexander Steen.
0:58 of 1st period - Stopped by Robin Lehner with a rebound.
1:14 of 1st period - Slapshot by Byron Bitz.
1:14 of 1st period - Stopped by Robin Lehner with a rebound.
1:16 of 1st period - Snap shot by Ryan Mcdonagh.
1:16 of 1st period - Shot Misses the Net.
1:18 of 1st period - Snap shot by Alexander Steen.
1:18 of 1st period - Stopped by Robin Lehner without a rebound.
1:19 of 1st period - Brandon Sutter wins face-off versus Andy Miele in Sabres zone.
1:19 of 1st period - Brandon Sutter is hit by Christian Ehrhoff.
1:44 of 1st period - John Moore is hit by J.T. Miller and loses puck.
1:53 of 1st period - Snap shot by Evander Kane.
1:53 of 1st period - Deflect By Kyle Okposo.
1:53 of 1st period - Stopped by Viktor Fasth with a rebound.
2:41 of 1st period - Randy Jones is hit by Niclas Bergfors and loses puck.
3:54 of 1st period - Snap shot by Jaromir Jagr.
3:54 of 1st period - Stopped by Viktor Fasth without a rebound.
3:55 of 1st period - James Van Riemsdyk wins face-off versus J.T. Miller in Predators zone.
4:21 of 1st period - Andy Miele is hit by Rob Scuderi.
4:29 of 1st period - Snap shot by Evander Kane.
4:29 of 1st period - Shot Blocked by Ryan Mcdonagh.
4:57 of 1st period - Snap shot by Adam Burish.
4:57 of 1st period - Shot Misses the Net.
4:59 of 1st period - Snap shot by Adam Burish.
4:59 of 1st period - Shot Misses the Net.
5:01 of 1st period - Slapshot by Adam Burish.
5:01 of 1st period - Stopped by Robin Lehner with a rebound.
5:03 of 1st period - Backhand shot by Ryan Mcdonagh.
5:03 of 1st period - Stopped by Robin Lehner with a rebound.
5:05 of 1st period - Slapshot by Ryan Mcdonagh.
5:05 of 1st period - Deflect By Adam Burish.
5:05 of 1st period - Stopped by Robin Lehner without a rebound.
5:06 of 1st period - Frans Nielsen wins face-off versus Brandon Sutter in Sabres zone.
5:30 of 1st period - Icing by Randy Jones.
5:31 of 1st period - Brandon Sutter wins face-off versus Ryan Kesler in Sabres zone.
5:41 of 1st period - Off-side.
5:42 of 1st period - Frans Nielsen wins face-off versus Brandon Sutter in neutral zone.
5:45 of 1st period - Wrist shot by Niclas Bergfors.
5:45 of 1st period - Stopped by Robin Lehner with a rebound.
6:19 of 1st period - Wrist shot by Byron Bitz.
6:19 of 1st period - Shot Misses the Net.
6:33 of 1st period - Barret Jackman is hit by Evander Kane and loses puck.
6:38 of 1st period - Slapshot by Evander Kane.
6:38 of 1st period - Shot Blocked by David Jones.
6:40 of 1st period - Slapshot by Jordan Leopold.
6:40 of 1st period - Deflect By Brett Clark.
6:40 of 1st period - Stopped by Viktor Fasth with a rebound.
7:11 of 1st period - Wrist shot by Steve Begin.
7:11 of 1st period - Stopped by Robin Lehner without a rebound.
7:12 of 1st period - Frans Nielsen wins face-off versus Ryan O'Reilly in Sabres zone.
7:39 of 1st period - Matt Martin is hit by Christian Ehrhoff and loses puck.
7:48 of 1st period - Wrist shot by Ryan Kesler.
7:48 of 1st period - Stopped by Robin Lehner with a rebound.
8:06 of 1st period - Slapshot by Evander Kane.
8:06 of 1st period - Shot Misses the Net.
8:12 of 1st period - Slapshot by Evander Kane.
8:12 of 1st period - Shot Blocked by Alexander Edler.
8:24 of 1st period - Mike Leclerc is hit by Alexander Edler.
8:50 of 1st period - Wrist shot by Patrik Elias.
8:50 of 1st period - Shot Misses the Net.
10:04 of 1st period - Wrist shot by Erik Christensen.
10:04 of 1st period - Stopped by Viktor Fasth with a rebound.
10:06 of 1st period - Slapshot by Jordan Leopold.
10:06 of 1st period - Shot Blocked by Shane Doan.
10:08 of 1st period - Wrist shot by Jaromir Jagr.
10:08 of 1st period - Shot Misses the Net.
10:10 of 1st period - Snap shot by Jaromir Jagr.
10:10 of 1st period - Stopped by Viktor Fasth with a rebound.
10:12 of 1st period - Slapshot by Randy Jones.
10:12 of 1st period - Stopped by Viktor Fasth without a rebound.
10:13 of 1st period - Brandon Sutter wins face-off versus Frans Nielsen in Predators zone.
10:14 of 1st period - Slapshot by Zach Bogosian.
10:14 of 1st period - Shot Misses the Net.
10:16 of 1st period - Snap shot by Matt Martin.
10:16 of 1st period - Shot Blocked by Niclas Bergfors.
10:18 of 1st period - Wrist shot by Rob Scuderi.
10:18 of 1st period - Stopped by Viktor Fasth with a rebound.
10:57 of 1st period - Off-side.
10:58 of 1st period - David Jones wins face-off versus Ryan O'Reilly in neutral zone.
11:01 of 1st period - Jared Cowen is hit by Steve Begin and loses puck.
11:38 of 1st period - Snap shot by David Jones.
11:38 of 1st period - Stopped by Robin Lehner with a rebound.
11:40 of 1st period - Slapshot by Barret Jackman.
11:40 of 1st period - Shot Misses the Net.
11:42 of 1st period - Wrist shot by Shane Doan.
11:42 of 1st period - Deflect By Steve Begin.
11:42 of 1st period - Shot Blocked by J.T. Miller.
11:42 of 1st period - Puck is out of play.
11:43 of 1st period - Frans Nielsen wins face-off versus Brandon Sutter in Sabres zone.
12:18 of 1st period - Wrist shot by Byron Bitz.
12:18 of 1st period - Stopped by Robin Lehner with a rebound.
12:20 of 1st period - Slapshot by Ryan Kesler.
12:20 of 1st period - Stopped by Robin Lehner without a rebound.
12:21 of 1st period - Alexander Steen wins face-off versus Erik Christensen in Sabres zone.
12:55 of 1st period - Snap shot by Zack Kassian.
12:55 of 1st period - Stopped by Viktor Fasth with a rebound.
12:57 of 1st period - Slapshot by Jared Cowen.
12:57 of 1st period - Stopped by Viktor Fasth with a rebound.
13:25 of 1st period - Off-side.
13:26 of 1st period - Ryan O'Reilly wins face-off versus David Jones in neutral zone.
13:33 of 1st period - Off-side.
13:34 of 1st period - Frans Nielsen wins face-off versus Brandon Sutter in neutral zone.
13:45 of 1st period - Snap shot by Niclas Bergfors.
13:45 of 1st period - Shot Blocked by Zach Bogosian.
13:49 of 1st period - Snap shot by Niclas Bergfors.
13:49 of 1st period - Shot Misses the Net.
13:51 of 1st period - Slapshot by Christian Ehrhoff.
13:51 of 1st period - Shot Blocked by Matt Martin.
13:57 of 1st period - Minor Penalty to Matt Martin for Tripping.
13:58 of 1st period - Ryan Kesler wins face-off versus Jaromir Jagr in Sabres zone.
13:59 of 1st period - Wrist shot by Niclas Bergfors.
13:59 of 1st period - Goal by Niclas Bergfors - Predators : 1 - Sabres : 0.
14:00 of 1st period - J.T. Miller wins face-off versus Frans Nielsen in neutral zone.
14:11 of 1st period - Snap shot by Alexander Ovechkin.
14:11 of 1st period - Stopped by Robin Lehner with a rebound.
14:38 of 1st period - Barret Jackman is hit by Zack Kassian and loses puck.
15:02 of 1st period - Minor Penalty to Mike Leclerc for Holding.
15:03 of 1st period - Evander Kane wins face-off versus Ryan Kesler in Sabres zone.
15:36 of 1st period - Snap shot by Byron Bitz.
15:36 of 1st period - Shot Misses the Net.
15:38 of 1st period - Snap shot by Frans Nielsen.
15:38 of 1st period - Shot Blocked by Jared Cowen.
16:26 of 1st period - J.T. Miller is hit by John Moore and loses puck.
17:02 of 1st period - Penalty to Mike Leclerc is over, Mike Leclerc is back on ice.
17:20 of 1st period - Snap shot by Steve Begin.
17:20 of 1st period - Deflect By Zack Kassian.
17:20 of 1st period - Stopped by Robin Lehner without a rebound.
17:21 of 1st period - Andy Miele wins face-off versus Erik Christensen in Sabres zone.
17:59 of 1st period - Randy Jones is hit by David Jones and loses puck.
18:56 of 1st period - Slapshot by Evander Kane.
18:56 of 1st period - Shot Blocked by Barret Jackman.
18:58 of 1st period - Slapshot by Randy Jones.
18:58 of 1st period - Shot Misses the Net.
19:00 of 1st period - Slapshot by Jordan Leopold.
19:00 of 1st period - Stopped by Viktor Fasth with a rebound.
19:02 of 1st period - Wrist shot by Evander Kane.
19:02 of 1st period - Stopped by Viktor Fasth without a rebound.
19:03 of 1st period - J.T. Miller wins face-off versus Frans Nielsen in Predators zone.
19:04 of 1st period - Snap shot by Evander Kane.
19:04 of 1st period - Stopped by Viktor Fasth with a rebound.
19:06 of 1st period - Slapshot by Kyle Okposo.
19:06 of 1st period - Shot Blocked by Ryan Mcdonagh.
19:30 of 1st period - Byron Bitz is hit by Rob Scuderi and loses puck.
Goals for this period are 1 for Predators vs 0 for Sabres.
Shots for this period are 15 for Predators vs 12 for Sabres.
2nd period
0:01 of 2nd period - Niclas Bergfors wins face-off versus J.T. Miller in neutral zone.
0:06 of 2nd period - Slapshot by Alexander Ovechkin.
0:06 of 2nd period - Shot Misses the Net.
0:32 of 2nd period - Alexander Edler is hit by Zach Bogosian and loses puck.
0:39 of 2nd period - Wrist shot by Zach Bogosian.
0:39 of 2nd period - Shot Misses the Net.
1:24 of 2nd period - Slapshot by James Van Riemsdyk.
1:24 of 2nd period - Stopped by Robin Lehner with a rebound.
1:26 of 2nd period - Slapshot by Christian Ehrhoff.
1:26 of 2nd period - Deflect By Jared Cowen.
1:26 of 2nd period - Stopped by Robin Lehner with a rebound.
1:28 of 2nd period - Slapshot by John Moore.
1:28 of 2nd period - Stopped by Robin Lehner with a rebound.
1:30 of 2nd period - Slapshot by Christian Ehrhoff.
1:30 of 2nd period - Shot Blocked by Michael Kostka.
1:34 of 2nd period - Snap shot by Adam Burish.
1:34 of 2nd period - Shot Blocked by Michael Kostka.
2:44 of 2nd period - Snap shot by Shane Doan.
2:44 of 2nd period - Stopped by Robin Lehner without a rebound.
2:45 of 2nd period - J.T. Miller wins face-off versus Frans Nielsen in Sabres zone.
2:45 of 2nd period - J.T. Miller is hit by Niclas Bergfors.
3:12 of 2nd period - Christian Ehrhoff is hit by Zack Kassian.
3:13 of 2nd period - Icing by Christian Ehrhoff.
3:14 of 2nd period - Brandon Sutter wins face-off versus Ryan Kesler in Predators zone.
3:38 of 2nd period - Off-side.
3:39 of 2nd period - J.T. Miller wins face-off versus Frans Nielsen in neutral zone.
3:46 of 2nd period - Snap shot by Kyle Okposo.
3:46 of 2nd period - Stopped by Viktor Fasth without a rebound.
3:47 of 2nd period - J.T. Miller wins face-off versus Frans Nielsen in Predators zone.
3:53 of 2nd period - Minor Penalty to Alexander Edler for Holding.
3:54 of 2nd period - J.T. Miller wins face-off versus Ryan Kesler in Predators zone.
4:36 of 2nd period - Michael Kostka is hit by Byron Bitz and loses puck.
5:53 of 2nd period - Penalty to Alexander Edler is over, Alexander Edler is back on ice.
6:13 of 2nd period - Brett Clark is hit by Zach Bogosian and loses puck.
7:16 of 2nd period - Off-side.
7:17 of 2nd period - J.T. Miller wins face-off versus David Jones in neutral zone.
7:25 of 2nd period - Ryan Mcdonagh is hit by Jordan Leopold and loses puck.
7:38 of 2nd period - Snap shot by Patrik Elias.
7:38 of 2nd period - Deflect By Ryan O'Reilly.
7:38 of 2nd period - Shot Blocked by Steve Begin.
7:38 of 2nd period - Puck is out of play.
7:39 of 2nd period - Ryan O'Reilly wins face-off versus Frans Nielsen in Predators zone.
7:40 of 2nd period - Wrist shot by Patrik Elias.
7:40 of 2nd period - Stopped by Viktor Fasth without a rebound.
7:41 of 2nd period - Ryan O'Reilly wins face-off versus Frans Nielsen in Predators zone.
7:42 of 2nd period - Wrist shot by Zach Bogosian.
7:42 of 2nd period - Stopped by Viktor Fasth with a rebound.
7:48 of 2nd period - Ryan O'Reilly is hit by Niclas Bergfors and loses puck.
8:07 of 2nd period - Snap shot by Adam Burish.
8:07 of 2nd period - Stopped by Robin Lehner without a rebound.
8:08 of 2nd period - J.T. Miller wins face-off versus Andy Miele in Sabres zone.
8:08 of 2nd period - J.T. Miller is hit by James Van Riemsdyk.
8:34 of 2nd period - Ryan Mcdonagh is hit by Brandon Sutter and loses puck.
8:56 of 2nd period - Slapshot by Erik Christensen.
8:56 of 2nd period - Stopped by Viktor Fasth with a rebound.
9:00 of 2nd period - Wrist shot by Erik Christensen.
9:00 of 2nd period - Shot Blocked by Christian Ehrhoff.
9:02 of 2nd period - Snap shot by Mike Leclerc.
9:02 of 2nd period - Shot Blocked by Christian Ehrhoff.
9:04 of 2nd period - Snap shot by Erik Christensen.
9:04 of 2nd period - Shot Misses the Net.
9:06 of 2nd period - Snap shot by Michael Kostka.
9:06 of 2nd period - Deflect By Erik Christensen.
9:06 of 2nd period - Shot Misses the Net.
9:06 of 2nd period - Puck is out of play.
9:07 of 2nd period - J.T. Miller wins face-off versus Alexander Ovechkin in Predators zone.
9:20 of 2nd period - Slapshot by Niclas Bergfors.
9:20 of 2nd period - Stopped by Robin Lehner with a rebound.
9:22 of 2nd period - Wrist shot by Ryan Mcdonagh.
9:22 of 2nd period - Shot Misses the Net.
9:33 of 2nd period - Minor Penalty to Byron Bitz for Roughing.
9:34 of 2nd period - J.T. Miller wins face-off versus Ryan Kesler in Predators zone.
9:36 of 2nd period - Slapshot by Michael Kostka.
9:36 of 2nd period - Shot Misses the Net.
9:38 of 2nd period - Snap shot by Michael Kostka.
9:38 of 2nd period - Shot Misses the Net.
10:00 of 2nd period - Alexander Edler is hit by Michael Kostka.
11:33 of 2nd period - Penalty to Byron Bitz is over, Byron Bitz is back on ice.
11:45 of 2nd period - Wrist shot by Patrik Elias.
11:45 of 2nd period - Shot Blocked by Ryan Mcdonagh.
11:47 of 2nd period - Wrist shot by Patrik Elias.
11:47 of 2nd period - Shot Misses the Net.
11:49 of 2nd period - Slapshot by Jaromir Jagr.
11:49 of 2nd period - Deflect By Patrik Elias.
11:49 of 2nd period - Shot Misses the Net.
11:49 of 2nd period - Puck is out of play.
11:50 of 2nd period - David Jones wins face-off versus Ryan O'Reilly in Predators zone.
12:05 of 2nd period - Snap shot by Jaromir Jagr.
12:05 of 2nd period - Shot Misses the Net.
12:07 of 2nd period - Snap shot by Jaromir Jagr.
12:07 of 2nd period - Stopped by Viktor Fasth without a rebound.
12:08 of 2nd period - Brandon Sutter wins face-off versus Frans Nielsen in Predators zone.
12:21 of 2nd period - Wrist shot by Zack Kassian.
12:21 of 2nd period - Stopped by Viktor Fasth without a rebound.
12:22 of 2nd period - J.T. Miller wins face-off versus Frans Nielsen in Predators zone.
12:23 of 2nd period - Snap shot by Evander Kane.
12:23 of 2nd period - Shot Misses the Net.
12:25 of 2nd period - Slapshot by Jared Cowen.
12:25 of 2nd period - Stopped by Viktor Fasth with a rebound.
12:27 of 2nd period - Slapshot by Michael Kostka.
12:27 of 2nd period - Shot Blocked by Ryan Mcdonagh.
12:29 of 2nd period - Slapshot by Michael Kostka.
12:29 of 2nd period - Shot Misses the Net.
12:31 of 2nd period - Slapshot by Jared Cowen.
12:31 of 2nd period - Stopped by Viktor Fasth with a rebound.
12:33 of 2nd period - Snap shot by J.T. Miller.
12:33 of 2nd period - Goal by J.T. Miller - Predators : 1 - Sabres : 1.
12:34 of 2nd period - Frans Nielsen wins face-off versus Zack Kassian in neutral zone.
13:01 of 2nd period - J.T. Miller is hit by Byron Bitz and loses puck.
13:18 of 2nd period - Minor Penalty to Michael Haley for Interference.
13:19 of 2nd period - Ryan Kesler wins face-off versus Evander Kane in Sabres zone.
13:44 of 2nd period - Zack Kassian is hit by John Moore and loses puck.
13:50 of 2nd period - Minor Penalty to Evander Kane for Hooking.
13:51 of 2nd period - Ryan Kesler wins face-off versus Jaromir Jagr in Sabres zone.
14:54 of 2nd period - Alexander Steen is hit by Jordan Leopold and loses puck.
15:18 of 2nd period - Penalty to Michael Haley is over, Michael Haley is back on ice.
15:50 of 2nd period - Penalty to Evander Kane is over, Evander Kane is back on ice.
16:11 of 2nd period - Slapshot by Zach Bogosian.
16:11 of 2nd period - Stopped by Viktor Fasth without a rebound.
16:12 of 2nd period - Ryan O'Reilly wins face-off versus David Jones in Predators zone.
16:17 of 2nd period - Wrist shot by Jaromir Jagr.
16:17 of 2nd period - Shot Blocked by Steve Begin.
16:19 of 2nd period - Slapshot by Ryan O'Reilly.
16:19 of 2nd period - Deflect By Jaromir Jagr.
16:19 of 2nd period - Shot Blocked by Steve Begin.
16:19 of 2nd period - Puck is out of play.
16:20 of 2nd period - David Jones wins face-off versus Ryan O'Reilly in Predators zone.
16:27 of 2nd period - Slapshot by Ryan O'Reilly.
16:27 of 2nd period - Shot Blocked by Brett Clark.
16:29 of 2nd period - Slapshot by Jordan Leopold.
16:29 of 2nd period - Deflect By Jaromir Jagr.
16:29 of 2nd period - Stopped by Viktor Fasth without a rebound.
16:30 of 2nd period - J.T. Miller wins face-off versus Niclas Bergfors in Predators zone.
17:05 of 2nd period - Snap shot by Brandon Sutter.
17:05 of 2nd period - Stopped by Viktor Fasth without a rebound.
17:06 of 2nd period - Frans Nielsen wins face-off versus Brandon Sutter in Predators zone.
17:08 of 2nd period - Minor Penalty to Frans Nielsen for Roughing.
17:09 of 2nd period - Ryan Kesler wins face-off versus J.T. Miller in Predators zone.
17:09 of 2nd period - Ryan Kesler is hit by Michael Kostka.
18:08 of 2nd period - John Moore is hit by Randy Jones and loses puck.
18:19 of 2nd period - Randy Jones is hit by Andy Miele and loses puck.
19:08 of 2nd period - Penalty to Frans Nielsen is over, Frans Nielsen is back on ice.
19:21 of 2nd period - Snap shot by Mike Leclerc.
19:21 of 2nd period - Shot Blocked by Ryan Mcdonagh.
19:23 of 2nd period - Backhand shot by Erik Christensen.
19:23 of 2nd period - Shot Blocked by Frans Nielsen.
19:25 of 2nd period - Slapshot by Mike Leclerc.
19:25 of 2nd period - Stopped by Viktor Fasth without a rebound.
19:26 of 2nd period - Frans Nielsen wins face-off versus Ryan O'Reilly in Predators zone.
19:30 of 2nd period - Off-side.
19:31 of 2nd period - Frans Nielsen wins face-off versus Ryan O'Reilly in neutral zone.
19:38 of 2nd period - Snap shot by Alexander Ovechkin.
19:38 of 2nd period - Stopped by Robin Lehner without a rebound.
19:39 of 2nd period - Frans Nielsen wins face-off versus J.T. Miller in Sabres zone.
19:44 of 2nd period - Slapshot by Niclas Bergfors.
19:44 of 2nd period - Shot Misses the Net.
19:46 of 2nd period - Slapshot by Christian Ehrhoff.
19:46 of 2nd period - Deflect By Kyle Okposo.
19:46 of 2nd period - Stopped by Robin Lehner with a rebound.
19:48 of 2nd period - Slapshot by John Moore.
19:48 of 2nd period - Shot Misses the Net.
19:50 of 2nd period - Slapshot by Frans Nielsen.
19:50 of 2nd period - Stopped by Robin Lehner with a rebound.
Goals for this period are 0 for Predators vs 1 for Sabres.
Shots for this period are 9 for Predators vs 13 for Sabres.
3rd period
0:01 of 3rd period - Brandon Sutter wins face-off versus Ryan Kesler in neutral zone.
0:30 of 3rd period - Brandon Sutter is hit by Ryan Mcdonagh and loses puck.
0:40 of 3rd period - Minor Penalty to Byron Bitz for Hooking.
0:41 of 3rd period - J.T. Miller wins face-off versus Ryan Kesler in Predators zone.
0:45 of 3rd period - Slapshot by Zach Bogosian.
0:45 of 3rd period - Shot Misses the Net.
0:55 of 3rd period - Snap shot by Michael Kostka.
0:55 of 3rd period - Shot Misses the Net.
0:57 of 3rd period - Wrist shot by J.T. Miller.
0:57 of 3rd period - Goal by J.T. Miller - Predators : 1 - Sabres : 2.
0:58 of 3rd period - J.T. Miller wins face-off versus Frans Nielsen in neutral zone.
1:05 of 3rd period - Snap shot by Kyle Okposo.
1:05 of 3rd period - Stopped by Viktor Fasth without a rebound.
1:06 of 3rd period - Frans Nielsen wins face-off versus J.T. Miller in Predators zone.
1:11 of 3rd period - Wrist shot by Kyle Okposo.
1:11 of 3rd period - Deflect By Evander Kane.
1:11 of 3rd period - Stopped by Viktor Fasth with a rebound.
1:13 of 3rd period - Wrist shot by Jared Cowen.
1:13 of 3rd period - Shot Blocked by Ryan Mcdonagh.
1:59 of 3rd period - Snap shot by James Van Riemsdyk.
1:59 of 3rd period - Shot Blocked by Michael Kostka.
2:01 of 3rd period - Slapshot by John Moore.
2:01 of 3rd period - Shot Blocked by Patrik Elias.
2:13 of 3rd period - Jared Cowen is hit by Shane Doan and loses puck.
2:24 of 3rd period - Brett Clark is hit by Erik Christensen and loses puck.
2:37 of 3rd period - Slapshot by Barret Jackman.
2:37 of 3rd period - Shot Misses the Net.
2:43 of 3rd period - Slapshot by Niclas Bergfors.
2:43 of 3rd period - Shot Misses the Net.
2:55 of 3rd period - Rob Scuderi is hit by Christian Ehrhoff and loses puck.
3:27 of 3rd period - Slapshot by James Van Riemsdyk.
3:27 of 3rd period - Shot Blocked by Jaromir Jagr.
3:37 of 3rd period - Mike Leclerc is hit by Barret Jackman and loses puck.
3:46 of 3rd period - Slapshot by Frans Nielsen.
3:46 of 3rd period - Goal by Frans Nielsen - Predators : 2 - Sabres : 2.
3:47 of 3rd period - J.T. Miller wins face-off versus Frans Nielsen in neutral zone.
4:39 of 3rd period - Slapshot by Adam Burish.
4:39 of 3rd period - Shot Misses the Net.
5:14 of 3rd period - Wrist shot by Evander Kane.
5:14 of 3rd period - Shot Blocked by Frans Nielsen.
5:26 of 3rd period - Snap shot by Niclas Bergfors.
5:26 of 3rd period - Shot Blocked by J.T. Miller.
5:45 of 3rd period - Slapshot by Matt Martin.
5:45 of 3rd period - Shot Misses the Net.
5:47 of 3rd period - Slapshot by Brandon Sutter.
5:47 of 3rd period - Shot Misses the Net.
5:49 of 3rd period - Wrist shot by Matt Martin.
5:49 of 3rd period - Stopped by Viktor Fasth without a rebound.
5:50 of 3rd period - Frans Nielsen wins face-off versus Ryan O'Reilly in Predators zone.
5:59 of 3rd period - Slapshot by Niclas Bergfors.
5:59 of 3rd period - Shot Misses the Net.
6:04 of 3rd period - Minor Penalty to Jaromir Jagr for Goalie Interference.
6:05 of 3rd period - Niclas Bergfors wins face-off versus J.T. Miller in Sabres zone.
6:19 of 3rd period - Slapshot by Niclas Bergfors.
6:19 of 3rd period - Stopped by Robin Lehner with a rebound.
6:21 of 3rd period - Slapshot by Ryan Mcdonagh.
6:21 of 3rd period - Shot Misses the Net.
6:35 of 3rd period - Rob Scuderi is hit by Alexander Steen and loses puck.
7:33 of 3rd period - Evander Kane is hit by Ryan Mcdonagh.
8:04 of 3rd period - Penalty to Jaromir Jagr is over, Jaromir Jagr is back on ice.
8:27 of 3rd period - Wrist shot by Byron Bitz.
8:27 of 3rd period - Shot Misses the Net.
8:31 of 3rd period - Wrist shot by Frans Nielsen.
8:31 of 3rd period - Stopped by Robin Lehner with a rebound.
8:33 of 3rd period - Slapshot by Ryan Mcdonagh.
8:33 of 3rd period - Stopped by Robin Lehner without a rebound.
8:34 of 3rd period - Erik Christensen wins face-off versus Andy Miele in Sabres zone.
8:43 of 3rd period - Snap shot by Erik Christensen.
8:43 of 3rd period - Shot Misses the Net.
8:51 of 3rd period - Mike Leclerc is hit by Barret Jackman and loses puck.
9:06 of 3rd period - Jared Cowen is hit by Steve Begin and loses puck.
10:10 of 3rd period - Wrist shot by Brandon Sutter.
10:10 of 3rd period - Shot Misses the Net.
10:12 of 3rd period - Wrist shot by Zack Kassian.
10:12 of 3rd period - Shot Misses the Net.
10:16 of 3rd period - Snap shot by Brandon Sutter.
10:16 of 3rd period - Shot Misses the Net.
10:48 of 3rd period - Snap shot by Zach Bogosian.
10:48 of 3rd period - Stopped by Viktor Fasth without a rebound.
10:49 of 3rd period - Erik Christensen wins face-off versus David Jones in Predators zone.
11:01 of 3rd period - Erik Christensen is hit by Shane Doan and loses puck.
11:32 of 3rd period - Wrist shot by Shane Doan.
11:32 of 3rd period - Shot Blocked by Kyle Okposo.
11:34 of 3rd period - Wrist shot by David Jones.
11:34 of 3rd period - Shot Misses the Net.
11:36 of 3rd period - Slapshot by Christian Ehrhoff.
11:36 of 3rd period - Deflect By Steve Begin.
11:36 of 3rd period - Shot Misses the Net.
11:36 of 3rd period - Puck is out of play.
11:37 of 3rd period - Frans Nielsen wins face-off versus Brandon Sutter in Sabres zone.
11:48 of 3rd period - Snap shot by Alexander Ovechkin.
11:48 of 3rd period - Stopped by Robin Lehner with a rebound.
11:50 of 3rd period - Slapshot by Alexander Ovechkin.
11:50 of 3rd period - Stopped by Robin Lehner without a rebound.
11:51 of 3rd period - Frans Nielsen wins face-off versus J.T. Miller in Sabres zone.
11:53 of 3rd period - Minor Penalty to Evander Kane for Hooking.
11:54 of 3rd period - Niclas Bergfors wins face-off versus J.T. Miller in Sabres zone.
13:28 of 3rd period - Icing by Ryan Kesler.
13:29 of 3rd period - Ryan Kesler wins face-off versus Brandon Sutter in Predators zone.
13:53 of 3rd period - Penalty to Evander Kane is over, Evander Kane is back on ice.
13:56 of 3rd period - Snap shot by Evander Kane.
13:56 of 3rd period - Shot Misses the Net.
14:06 of 3rd period - Snap shot by Adam Burish.
14:06 of 3rd period - Stopped by Robin Lehner without a rebound.
14:07 of 3rd period - Andy Miele wins face-off versus Brandon Sutter in Sabres zone.
14:08 of 3rd period - Snap shot by Adam Burish.
14:08 of 3rd period - Stopped by Robin Lehner without a rebound.
14:09 of 3rd period - Andy Miele wins face-off versus Brandon Sutter in Sabres zone.
14:13 of 3rd period - Minor Penalty to Zack Kassian for High sticking.
14:14 of 3rd period - Alexander Ovechkin wins face-off versus Jaromir Jagr in Sabres zone.
14:47 of 3rd period - Snap shot by Alexander Steen.
14:47 of 3rd period - Deflect By Byron Bitz.
14:47 of 3rd period - Stopped by Robin Lehner with a rebound.
15:45 of 3rd period - Jared Cowen is hit by Ryan Kesler and loses puck.
16:10 of 3rd period - Wrist shot by Patrik Elias.
16:10 of 3rd period - Stopped by Viktor Fasth with a rebound.
16:12 of 3rd period - Wrist shot by Patrik Elias.
16:12 of 3rd period - Shot Misses the Net.
16:13 of 3rd period - Penalty to Zack Kassian is over, Zack Kassian is back on ice.
16:14 of 3rd period - Backhand shot by Patrik Elias.
16:14 of 3rd period - Shot Misses the Net.
16:16 of 3rd period - Slapshot by Zack Kassian.
16:16 of 3rd period - Deflect By Patrik Elias.
16:16 of 3rd period - Shot Blocked by Alexander Ovechkin.
16:16 of 3rd period - Puck is out of play.
16:17 of 3rd period - Andy Miele wins face-off versus Brandon Sutter in Predators zone.
16:32 of 3rd period - Snap shot by James Van Riemsdyk.
16:32 of 3rd period - Shot Misses the Net.
16:47 of 3rd period - Slapshot by Alexander Edler.
16:47 of 3rd period - Shot Blocked by Rob Scuderi.
17:08 of 3rd period - Ryan Mcdonagh is hit by Evander Kane and loses puck.
17:13 of 3rd period - Wrist shot by Kyle Okposo.
17:13 of 3rd period - Deflect By Evander Kane.
17:13 of 3rd period - Stopped by Viktor Fasth without a rebound.
17:14 of 3rd period - Andy Miele wins face-off versus Erik Christensen in Predators zone.
17:23 of 3rd period - Slapshot by Jared Cowen.
17:23 of 3rd period - Stopped by Viktor Fasth without a rebound.
17:24 of 3rd period - Andy Miele wins face-off versus Erik Christensen in Predators zone.
17:24 of 3rd period - Adam Burish is hit by Michael Haley and loses puck.
18:16 of 3rd period - Off-side.
18:17 of 3rd period - Frans Nielsen wins face-off versus Ryan O'Reilly in neutral zone.
18:19 of 3rd period - Off-side.
18:20 of 3rd period - Frans Nielsen wins face-off versus Ryan O'Reilly in neutral zone.
18:47 of 3rd period - Rob Scuderi is hit by Alexander Edler and loses puck.
18:52 of 3rd period - Snap shot by Byron Bitz.
18:52 of 3rd period - Goal by Byron Bitz - Predators : 3 - Sabres : 2.
18:53 of 3rd period - Frans Nielsen wins face-off versus Erik Christensen in neutral zone.
19:12 of 3rd period - Sabres, Robin Lehner is pulled from the net.
19:19 of 3rd period - Minor Penalty to Brett Clark for Tripping.
19:20 of 3rd period - Ryan Kesler wins face-off versus Evander Kane in Predators zone.
19:27 of 3rd period - Off-side.
19:28 of 3rd period - Jacques Martin call a timeout for Sabres.
19:28 of 3rd period - Ryan Kesler wins face-off versus J.T. Miller in neutral zone.
19:36 of 3rd period - Minor Penalty to Michael Kostka for Tripping.
19:37 of 3rd period - Robin Lehner from Sabres was sent back in the game.
19:37 of 3rd period - Erik Christensen wins face-off versus Alexander Ovechkin in Sabres zone.
Goals for this period are 2 for Predators vs 1 for Sabres.
Shots for this period are 10 for Predators vs 8 for Sabres.
Back to the Top